 Dungeon Crawl Stone Soup version 0.22-a0-282-gdd34a7d (webtiles) character file.

6 Amnesiac the Magician (level 1, -1/12 HPs)
             Began as a Tengu Wizard on Mar 17, 2018.
             Slain by a gnoll
             ... wielding a +0 halberd
              (13 damage)
             ... on level 1 of the Dungeon.
             The game lasted 00:00:23 (234 turns).

Amnesiac the Magician (Tengu Wizard)                 Turns: 234, Time: 00:00:24

Health: -1/12      AC:  2    Str:  7    XL:     1   Next: 90%
Magic:  1/5        EV: 12    Int: 18    God:
Gold:   0          SH:  0    Dex: 12    Spells: 5/6 levels left

rFire    . . .     SeeInvis .   (no weapon)
rCold    . . .     Gourm    .   (no shield)
rNeg     . . .     Faith    .   a - +0 robe
rPois    .         Spirit   .   b - +0 hat
rElec    .         Reflect  .   (no cloak)
rCorr    .         Harm     .   (no gloves)
MR       .....                  (boots unavailable)
Stlth    ++........             (no amulet)
HPRegen  0.04/turn              (no ring)
MPRegen  0.09/turn              (no ring)

@: no status effects
A: beak, talons 3
a: no special abilities


You were on level 1 of the Dungeon.
You were not hungry.

You visited 1 branch of the dungeon, and saw 1 of its levels.

Inventory:

Armour
 a - a +0 robe (worn)
 b - a +0 hat (worn)
Comestibles
 c - a chunk of flesh
 d - 2 rations


   Skills:
 + Level 1.4 Fighting
 - Level 2.1 Dodging
 - Level 2.0 Stealth
 - Level 3.0 Spellcasting
 - Level 1.3 Conjurations
   Level 1.2 Summonings
   Level 0.7 Translocations


You had 5 spell levels left.
You knew the following spells:

 Your Spells              Type           Power        Failure   Level  Hunger
a - Magic Dart            Conj           #...         10%         1    None


Dungeon Overview and Level Annotations

Branches:
Dungeon (1/15)

Altars:


Innate Abilities, Weirdness & Mutations

You have a beak for a mouth.
You have claws for feet.


Message History

Confirm with . or Enter, or press ? or * to list all spells.
You don't have enough magic to cast that spell.
You see here a rat corpse.
You butcher the rat corpse.
c - a chunk of flesh You see here a rat skeleton.
You start resting.
Magic restored.
Key pressed, stopping explore.
Found a spear.
You see here a spear.
Found 24 arrows.
A frilled lizard comes into view.
The frilled lizard hisses angrily.
A frilled lizard is nearby!
A frilled lizard is nearby!
A frilled lizard is nearby!
Casting: Magic Dart (safe; 10% risk of failure)
Confirm with . or Enter, or press ? or * to list all spells.
Aiming: Magic Dart (safe; 10% risk of failure)
Press: ? - help, Shift-Dir - straight line, f - frilled lizard
Aim: a frilled lizard The magic dart hits the frilled lizard.
The frilled lizard is heavily wounded.
Casting: Magic Dart (safe; 10% risk of failure)
Confirm with . or Enter, or press ? or * to list all spells.
Aiming: Magic Dart (safe; 10% risk of failure)
Press: ? - help, Shift-Dir - straight line, f/p - frilled lizard
Aim: a frilled lizard (heavily wounded)
The magic dart hits the frilled lizard.
You kill the frilled lizard!
Casting: Magic Dart (safe; 10% risk of failure)
Confirm with . or Enter, or press ? or * to list all spells.
You can't see any susceptible monsters within range! (Use Z to cast anyway.)
You see here 24 arrows.
A gnoll comes into view. It is wielding a halberd.
Casting: Magic Dart (safe; 10% risk of failure)
Confirm with . or Enter, or press ? or * to list all spells.
Aiming: Magic Dart (safe; 10% risk of failure)
Press: ? - help, Shift-Dir - straight line, f - gnoll
Aim: a gnoll, wielding a halberd (resting)
The magic dart hits the gnoll.
The gnoll is lightly wounded.
The gnoll shouts!
The gnoll moves out of view.
The gnoll is too close now for your liking.
Casting: Magic Dart (safe; 10% risk of failure)
Confirm with . or Enter, or press ? or * to list all spells.
Aiming: Magic Dart (safe; 10% risk of failure)
Press: ? - help, Shift-Dir - straight line, f/p - gnoll
Aim: a gnoll, wielding a halberd (lightly wounded)
The magic dart hits the gnoll.
The gnoll is lightly wounded.
A gnoll is nearby!
Casting: Magic Dart (safe; 10% risk of failure)
Confirm with . or Enter, or press ? or * to list all spells.
Aiming: Magic Dart (safe; 10% risk of failure)
Press: ? - help, Shift-Dir - straight line, f/p - gnoll
Aim: a gnoll, wielding a halberd (lightly wounded)
The magic dart hits the gnoll.
The gnoll is lightly wounded.
The gnoll hits you from afar with a halberd!
Ouch! That really hurt!
You die...

#.....(....)........##.#
##...###.#.########.##.#
#........#.# ####.##.#
.##........# #.......#
###...##### #(#####.#
......# #.# #.# ###.#.#
#.# #.# .# .#.# #.# #.#
## #@# #.# #
.........g....#
#########...### #.## .#
# ## .## .8#


You could see a gnoll.

Vanquished Creatures
  A dart slug (D:1)
  A hobgoblin (D:1)
  2 frilled lizards (D:1)
  A rat (D:1)
5 creatures vanquished.

Notes
Turn   | Place    | Note
-------+----------+-------------------------------------------
     0 | D:1      | Amnesiac the Tengu Wizard began the quest for the Orb.
     0 | D:1      | Reached XP level 1. HP: 10/10 MP: 5/5
   148 | D:1      | Reached skill level 1 in Fighting
   234 | D:1      | Slain by a gnoll

Vault maps used:
D:1:      mrwooster_arrival_statue_3

Skill      XL: |  1 |
---------------+----+-----
Fighting       | 1 |  1.4
Dodging        | |  2.1
Stealth        | |  2.0
Spellcasting   | |  3.0
Conjurations   | |  1.3
Summonings     | |  1.2
Translocations | |  0.7

Action                   || total
-------------------------++-------
 Cast: Magic Dart        ||    17

Table legend:
 A = Spawn XP
 B = Non-spawn XP
 C = Spawn XP percentage of total XP
 D = Spawn monster count
 E = Non-spawn monster count
 F = Spawn count percentage of total count
 G = Total turns spent on level
                    A         B        C        D         E        F      G
               +---------+---------+-------+---------+---------+-------+---------
         Total |       0 |       9 |   0.0 |       0 |       5 |   0.0 |   234
               +---------+---------+-------+---------+---------+-------+---------
           D:1 |       0 |       9 |   0.0 |       0 |       5 |   0.0 |   234
               +---------+---------+-------+---------+---------+-------+---------
